 Dungeon Crawl Stone Soup version 0.29-a0-550-g81e455f4c2 (webtiles) character file.

Game seed: 5258310907704530627

142 Lekart the Digger (level 5, -9/58 HPs)
             Began as a Draconian Earth Elementalist on June 5, 2022.
             Killed by divine providence
             ... invoked by an orc priest
              (15 damage)
             ... on level 3 of the Dungeon.
             The game lasted 00:03:36 (2610 turns).

Lekart the Digger (Draconian Earth Elementalist)    Turns: 2610, Time: 00:03:37

Health: -9/58      AC: 22    Str: 10    XL:     5   Next: 4%
Magic:  4/9        EV:  2    Int: 18    God:
Gold:   55         SH:  0    Dex: 11    Spells: 3/9 levels left

rFire   + . .      SeeInvis .     - Unarmed
rCold   + . .      Faith    .   (no shield)
rNeg    . . .      Spirit   .   (body armour unavailable)
rPois   +          Reflect  .   (helmet currently unavailable)
rElec   +          Harm     .   (cloak currently unavailable)
rCorr   +          Rampage  .   (gloves currently unavailable)
Will    +....      NoTele   +   (boots currently unavailable)
Stlth   ++........              (no amulet)
HPRegen 0.19/turn               f - ring of willpower
MPRegen 0.11/turn               c - ring of flight

@: tree-form, resistant, on berserk cooldown, slowed, very slow
A: stationary, stasis, torment immunity, boosted hp, AC +5, unfitting armour,
(cold-blooded)
a: no special abilities


You were on level 3 of the Dungeon.
You were a tree.
You visited 1 branch of the dungeon, and saw 3 of its levels.

You collected 55 gold pieces.

Inventory:

Missiles
 a - 47 stones
Jewellery
 c - a ring of flight (right branch)
 f - a ring of willpower (left branch)
Scrolls
 d - 4 scrolls of identify {unknown}
 e - 5 scrolls of noise {unknown}
Potions
 i - a potion of mutation {unknown}


   Skills:
 + Level 0.8 Fighting
 + Level 2.2 Dodging
 - Level 1.7 Stealth
 + Level 1.3 Unarmed Combat
 + Level 2.8 Spellcasting
 * Level 0.5 Conjurations
 * Level 2.2 Transmutations
 + Level 3.9 Earth Magic


You had 3 spell levels left.
You knew the following spells:

 Your Spells              Type           Power      Damage    Failure   Level
a - Sandblast             Erth           32%        2d9       3%          1
b - Passwall              Tmut/Erth      10%        N/A       7%          2
c - Stone Arrow           Conj/Erth      20%        3d8       21%         3

Your spell library contained the following spells:

 Spells                   Type           Power      Damage    Failure   Level
 Petrify                  Tmut/Erth      13%        N/A       43%         4


Dungeon Overview and Level Annotations

Branches:
Dungeon (3/15)

Altars:
Makhleb


Innate Abilities, Weirdness & Mutations

You are a tree.
Your roots penetrate the ground, keeping you stationary.
You cannot be teleported.
You are immune to unholy pain and torment.
Your maximum health is greatly increased.
Your equipment is partially melded.
((Your plain brown scales are hard. (AC +5)))
You cannot fit into any form of body armour.
((You are cold-blooded and may be slowed by cold attacks.))


Message History

You kill the orc!
The orc priest mumbles some strange prayers to Beogh against you.
Beogh smites you!
Casting: Sandblast (safe; 3% risk of failure)
Confirm with . or Enter, or press ? or * to list all spells.
Aiming: Sandblast (safe; 3% risk of failure)
Press: ? - help, Shift-Dir - straight line, f - orc
Aim: an orc, wielding a +0 club (79% to hit)
The blast of sand misses the orc.
The orc priest calls down the wrath of Beogh upon you.
Beogh smites you!
Casting: Sandblast (safe; 3% risk of failure)
Confirm with . or Enter, or press ? or * to list all spells.
Aiming: Sandblast (safe; 3% risk of failure)
Press: ? - help, Shift-Dir - straight line, f/p - orc
Aim: an orc, wielding a +0 club (79% to hit)
The blast of sand hits the orc!
You kill the orc!
The orc priest calls down the wrath of Beogh upon you.
Beogh smites you!
* * * LOW HITPOINT WARNING * * *
Casting: Sandblast (safe; 3% risk of failure)
Confirm with . or Enter, or press ? or * to list all spells.
You can't see any susceptible monsters within range! (Use Z to cast anyway.) It was a potion of resistance.
You feel protected.
It was a potion of berserk rage.
A red film seems to cover your vision as you go berserk!
You feel yourself moving faster!
You feel mighty!
You are too injured to fight recklessly!
You are too injured to fight recklessly!
You feel a strong urge to attack something.
You feel your anger nearly subside.
You are no longer berserk.
You are exhausted.
You feel yourself slow down.
It was a potion of lignification.
You turn into a tree.
Your roots penetrate the ground.
The orc priest invokes the aid of Beogh against you.
Beogh smites you!
You die...

#...# ####<....#
#...#
#......#....
#...####.####.#.#
#
#......#.#....#.#
###.##.#.#....#.#
#.##.#.#....#.#
#.##o#.#....#.#
#o##.#...#.##.#
#.##♣###.#....#
#.##.#........#
#.##)#.#.####.#
#.##.#.#.# #.#
#.##...#.# #.#
#####.####'#####
..##.......#
####.......#
#.......#


You could see an orc priest.

Vanquished Creatures
  A necrophage (D:2)
  2 adders (D:2)
  2 worms (D:2)
  2 dart slugs (D:1)
  4 orcs (D:3)
  2 ball pythons (D:2)
  3 bats
  5 endoplasms
  2 giant cockroaches
  2 hobgoblins (D:2)
  4 jackals (D:1)
  3 kobolds (D:1)
  2 quokkas (D:1)
  4 frilled lizards (D:1)
  4 goblins
  4 rats
46 creatures vanquished.

Vanquished Creatures (others)
  7 toadstools (D:1)
7 creatures vanquished.

Grand Total: 53 creatures vanquished

Notes
Turn   | Place    | Note
-------+----------+-------------------------------------------
     0 | D:1      | Lekart the Draconian Earth Elementalist began the quest for
                  | the Orb.
     0 | D:1      | Reached XP level 1. HP: 14/14 MP: 3/3
   237 | D:1      | Reached XP level 2. HP: 6/20 MP: 0/5
   923 | D:1      | Reached XP level 3. HP: 26/26 MP: 6/6
  1248 | D:2      | Noticed a necrophage
  1262 | D:2      | Killed a necrophage
  1263 | D:2      | Reached skill level 1 in Unarmed Combat
  1263 | D:2      | Reached XP level 4. HP: 7/34 MP: 5/8
  1566 | D:2      | Learned a level 2 spell: Passwall
  1570 | D:2      | Learned a level 3 spell: Stone Arrow
  1782 | D:2      | Found a faded altar of an unknown god.
  1809 | D:2      | Found a burning altar of Makhleb.
  2597 | D:3      | Reached XP level 5. HP: 39/39 MP: 5/9
  2610 | D:3      | Killed from afar by an orc priest

Illustrated notes

Levels and vault maps discovered:
D:1:      nagdon_arrival_zigzag_paths, layout_basic
D:2:      minmay_skewed_foursquare, layout_loops_ring, basic_altar,
          basic_ecumenical_altar, kennysheep_minor_cross
D:3:      gammafunk_steamed_eel, layout_basic

Skill      XL: |  1  2  3  4 |
---------------+-------------+-----
Dodging        | 2 |  2.2
Unarmed Combat | 1 |  1.3
Transmutations | 2 |  2.2
Fighting       | |  0.8
Stealth        | |  1.7
Spellcasting   | |  2.8
Conjurations   | |  0.5
Earth Magic    | |  3.9

Action                   |  1- 3 |  4- 6 || total
-------------------------+-------+-------++-------
Melee: Unarmed           |    64 |    25 ||    89
       Tailslap          |     6 |     5 ||    11
 Cast: Sandblast         |    26 |    26 ||    52
  Use: Potion            |     1 |     3 ||     4
 Stab: Sleeping          |     3 |     1 ||     4
Armor: Skin              |    24 |     8 ||    32
Dodge: Dodged            |    56 |    22 ||    78

Table legend: (Time is in decaauts)
 A = Elapsed time spent in this place.
 B = Non-inter-level travel time spent in this place.
 C = Inter-level travel time spent in this place.
 D = Time resting spent in this place.
 E = Time spent auto-exploring this place.
 F = Levels seen in this place.
 G = Mean time per level.
                   A        B        C        D        E       F      G
               +--------+--------+--------+--------+--------+-----+--------+
         Total |   2612 |   2379 |    233 |      0 |   2046 |   3 |  870.7 |
       Dungeon |   2612 |   2379 |    233 |      0 |   2046 |   3 |  870.7 |
               +--------+--------+--------+--------+--------+-----+--------+

Top non-repeatable levels by time:
     D:2: 1347 daAuts
     D:1: 1194 daAuts
     D:3: 70 daAuts
